 Dungeon Crawl Stone Soup version 0.26-a0-466-g989023bd0d (webtiles) character file.

Game seed: 1119740008321953888

148717 Apogee the Brawler (level 16, -12/228 HPs)
             Began as a Troll Warper on July 31, 2020.
             Was an Initiate of Gozag.
             Killed from afar by a shock serpent (25 damage)
             ... with a bolt of electricity
             ... on level 2 of the Snake Pit.
             The game lasted 01:10:40 (29461 turns).

Apogee the Brawler (Troll Warper)                  Turns: 29461, Time: 01:10:41

Health: -12/228    AC: 28    Str: 34    XL:     16   Next: 94%
Magic:  16/16      EV:  1    Int:  9    God:    Gozag
Gold:   11163      SH: 17    Dex:  9    Spells: 15/17 levels left

rFire    . . .     SeeInvis .     - Unarmed
rCold    . . .     Faith    .   L - +0 kite shield
rNeg     + + +     Spirit   .   (armour currently unavailable)
rPois    +         Reflect  +   (helmet currently unavailable)
rElec    .         Harm     .   (cloak currently unavailable)
rCorr    .         NoTele   +   (gloves unavailable)
MR       +....                  (boots unavailable)
Stlth    +.........             n - amulet of reflection
HPRegen  0.88/turn              r - +6 ring of strength
MPRegen  0.15/turn              I - ring of poison resistance

@: tree-form, gold aura
A: large, unfitting armour, regeneration 1
a: Potion Petition, Call Merchant, Bribe Branch, Renounce Religion


You were on level 2 of the Snake Pit.
You worshipped Gozag.
Gozag was extremely pleased with you.
You were a tree.
You visited 6 branches of the dungeon, and saw 29 of its levels.
You also visited: Ice Cave.

You collected 11241 gold pieces.
You paid 78 gold pieces to Gozag.

Inventory:

Missiles
 j - 6 silver javelins
 k - 3 throwing nets {!f}
 p - 15 boomerangs of dispersal {!f}
 z - 10 large rocks
 D - 25 javelins (quivered)
 F - 9 silver boomerangs
 J - 33 boomerangs
 M - 7 atropa-tipped darts
Armour
 f - a +0 cloak (melded)
   (You found it on level 1 of the Dungeon)
 A - a +0 tower shield
   (You took it off a naga warrior on level 2 of the Snake Pit)
 G - the +7 ice dragon scales "Xoudghab" (melded) {+Inv rF- rC++ Int+7}
   (You found it in an ice cave)

   It affects your intelligence (+7).
   It makes you vulnerable to fire.
   It greatly protects you from cold.
   It lets you turn invisible.
 L - a +0 kite shield (worn)
   (You found it on level 7 of the Dungeon)
Jewellery
 i - an uncursed ring of protection from fire
   (You found it on level 14 of the Dungeon)
 l - an uncursed ring of protection from magic
   (You found it on level 6 of the Dungeon)
 n - an amulet of reflection (around neck)
   (You found it on level 2 of the Dungeon)
 r - a +6 ring of strength (left branch)
   (You found it on level 3 of the Dungeon)
 t - an uncursed ring of fire
   (You found it on level 15 of the Dungeon)
 w - an uncursed ring of flight
   (You found it on level 3 of the Lair of Beasts)
 B - a +4 ring of evasion
   (You found it on level 15 of the Dungeon)
 I - a ring of poison resistance (right branch)
   (You took it off an orc on level 7 of the Dungeon)
 V - a +6 ring of intelligence
   (You found it on level 10 of the Dungeon)
 W - the ring of Fugrishru {rPois rC- Str+9 Dex-3 Stlth-}
   (You found it on level 10 of the Dungeon)

   [ring of attention]

   It affects your strength (+9).
   It affects your dexterity (-3).
   It makes you vulnerable to cold.
   It protects you from poison.
   It makes you less stealthy.
Wands
 c - a wand of disintegration (8)
   (You took it off a kobold demonologist on level 15 of the Dungeon)
 d - a wand of iceblast (16)
   (You found it on level 3 of the Dungeon)
 v - a wand of digging (13)
   (You found it on level 10 of the Dungeon)
 x - a wand of acid (35)
   (You found it on level 11 of the Dungeon)
 K - a wand of polymorph (27)
   (You found it on level 7 of the Dungeon)
 Y - a wand of enslavement (3)
   (You found it on level 1 of the Lair of Beasts)
Scrolls
 b - 10 scrolls of enchant armour
 e - 2 scrolls of blinking
 g - 22 scrolls of remove curse {@r2}
 m - 5 scrolls of immolation {!r}
 o - 14 scrolls of teleportation {@r4}
 s - 3 scrolls of magic mapping
 u - 6 scrolls of amnesia
 C - a scroll of enchant weapon
 E - 6 scrolls of fog
 H - 5 scrolls of identify {@r1}
 Q - a scroll of silence
 S - 3 scrolls of fear
 U - a scroll of summoning
Potions
 a - 5 potions of lignification {!q}
 h - 2 potions of cancellation
 q - 12 potions of curing {@q1}
 y - a potion of resistance
 N - 2 potions of haste {@q3}
 O - 5 potions of mutation {!q}
 P - 4 potions of ambrosia
 R - 2 potions of might
 T - 2 potions of invisibility
 X - 4 potions of brilliance


   Skills:
 - Level 8.0 Fighting
 - Level 12.7 Throwing
 + Level 12.6 Armour
 - Level 10.0 Dodging
 + Level 9.4 Shields
 - Level 15.0 Unarmed Combat
 - Level 1.2 Spellcasting
 - Level 2.1 Translocations


You had 15 spell levels left.
You knew the following spells:

 Your Spells              Type           Power        Failure   Level
b - Blink                 Tloc           N/A          22%         2

Your spell library contained the following spells:

 Spells                   Type           Power        Failure   Level
 Apportation              Tloc           #.....       14%         1
 Animate Skeleton         Necr           #.....       36%         1
 Magic Dart               Conj           #...         36%         1
 Pain                     Necr           #...         36%         1
 Sandblast                Erth           #.....       36%         1
 Sting                    Tmut/Pois      #...         36%         1
 Gell's Gravitas          Tloc           #.........   41%         3
 Lesser Beckoning         Tloc           #.........   41%         3
 Teleport Other           Tloc           #.......     41%         3
 Call Imp                 Summ           #.......     50%         2
 Corpse Rot               Necr/Air       N/A          50%         2
 Passwall                 Tmut/Erth      #.......     50%         2
 Poisonous Vapours        Pois/Air       #.....       50%         2
 Slow                     Hex            #.......     50%         2
 Swiftness                Air            #.......     50%         2
 Conjure Flame            Conj/Fire      #.......     73%         3
 Ignite Poison            Fire/Tmut/Pois #.......     73%         3
 Mephitic Cloud           Conj/Pois/Air  #.......     73%         3
 Stone Arrow              Conj/Erth      #.....       73%         3
 Tukima's Dance           Hex            #.......     73%         3
 Vampiric Draining        Necr           #.........   73%         3
 Passage of Golubria      Tloc           N/A          82%         4
 Animate Dead             Necr           #.........   98%         4
 Leda's Liquefaction      Hex/Erth       #.........   98%         4
 Olgreb's Toxic Radiance  Pois           #.......     98%         4
 Petrify                  Tmut/Erth      #.......     98%         4
 Agony                    Necr           #.......     100%        5
 Alistair's Intoxication  Tmut/Pois      #........    100%        5
 Lee's Rapid Deconstruct  Erth           #.........   100%        5
 Summon Forest            Summ/Tloc      #.........   100%        5
 Eringya's Noxious Bog    Tmut/Pois      #.........   100%        6
 Hydra Form               Tmut           #.........   100%        6
 Invisibility             Hex            #.......     100%        6
 Summon Hydra             Summ           #.........   100%        7


Dungeon Overview and Level Annotations

Branches:
Dungeon (15/15)            Temple (1/1) D:4            Lair (6/6) D:10
 Shoals (2/4) Lair:2        Snake (3/4) Lair:2        Slime (0/5) Lair:5
    Orc (2/2) D:9             Elf (0/3) Orc:2        Vaults (0/5) D:14
 Depths (0/5) D:15          IceCv (visited)

Altars:
Ashenzari
Cheibriados
Dithmenos
Elyvilon
Fedhas
Gozag
Hepliaklqana
Kikubaaqudgha
Makhleb
Nemelex Xobeh
Okawaru
Qazlal
Ru
Sif Muna
Trog
Uskayaw
Vehumet
Wu Jian
Xom
Yredelemnul
Zin
The Shining One
Jiyva

Shops:
D:6 }   D:7 !   D:12 *   D:15 =   Orc:1 }   Orc:2 ((!!   Snake:1 *

Annotations:
D:4 1 runed translucent door, Crazy Yiuf
D:5 1 runed translucent door, feelmyfire's ghost, novice DgTm
Lair:5 exclusion: orange crystal statue
Shoals:2 1 transporter, Muilum's ghost, adept VSBe; Nikola


Innate Abilities, Weirdness & Mutations

You are too large for most types of armour.
((You have claws for hands.))
Your natural rate of healing is unusually fast.
((You are covered in fur. (AC +1)))
((You have extremely tough skin. (AC +3)))


Message History

The shock serpent completely resists.
The naga mage spits poison at you.
The splash of poison hits you but does no damage.
You are more poisoned.
You resist.
The guardian serpent shouts!
You climb upwards.
You feel sick.
There is a stone staircase leading down, spattered with blood here.
You are too injured to fight recklessly!
You are too injured to fight recklessly!
You are too injured to fight recklessly!
You mangle the shock serpent!!
The shock serpent's electric aura discharges, shocking you!
* * * LOW HITPOINT WARNING * * *
You feel sick. The shock serpent bites you!
* * * LOW HITPOINT WARNING * * *
The shock serpent shocks you!
* * * LOW HITPOINT WARNING * * *
You miss the shock serpent.
The shock serpent bites you but does no damage.
Unknown command.
Really quaff
a - 6 potions of lignification {!q}?
Really quaff the potion of lignification?
You turn into a tree.
Your +0 cloak melds into your body.
The +7 ice dragon scales "Xoudghab" {+Inv rF- rC++ Int+7} melds into your body.
Your roots penetrate the ground.
You feel sick. You block the shock serpent's attack.
The shock serpent bites you but does no damage.
You closely miss the shock serpent.
The shock serpent shoots out a bolt of lightning at you!
The bolt of electricity hits you!
* * * LOW HITPOINT WARNING * * *
The bolt of electricity hits you!!
* * * LOW HITPOINT WARNING * * *
The bolt of electricity hits the shock serpent.
The shock serpent completely resists.
You are confused.
You feel invigorated.
You feel sick. The shock serpent bites you.
* * * LOW HITPOINT WARNING * * *
The shock serpent shocks you!
* * * LOW HITPOINT WARNING * * *
Okay, then.
Okay, then.
You feel better.
You feel less invigorated.
The shock serpent shoots out a bolt of lightning at you!
The bolt of electricity hits you.
* * * LOW HITPOINT WARNING * * *
The bolt of electricity hits you!!
You die...
Your body crumbles into a pile of gold.

....)......# #.......##.[...##
...........# #......##.......##
###........# #......#..#####..#
##....#...## #.....##.##...##.##
##..........###....##...........#
..............#######..#.....#..#
....#........##.♣.##..##.♣.♣.##..
...###.......#.S...#..#.......#..
...# #...#...#♣.♣[.'..#.(.>...#..
...###...#...#.....#..#.......#..
....#....#...##.♣.##))##.♣.♣.##..
.........#....#######.)#.....#..#
....................#.).........#
....................##)##...##.##
.....................#))#####..#.
.....................##.......##.
......................##.....##..


You could see a shock serpent.

Vanquished Creatures
  Rupert (Lair:4)
  Gastronok (D:8)
  A kraken (Shoals:1)
  2 nagarajas (Snake:2)
  Aizul (Snake:1)
  A merfolk javelineer (Shoals:2)
  An ettin (D:15)
  A merfolk impaler (Shoals:2)
  Snorg (D:14)
  Fannar (Orc:1)
  3 naga warriors
  3 hydras
  An ice dragon (Lair:6)
  7 anacondas
  A catoblepas (D:15)
  A merfolk aquamancer (Shoals:1)
  2 merfolk avatars (Shoals:2)
  9 centaur warriors
  A death knight (D:13)
  5 two-headed ogres
  13 death yaks
  An orc high priest (Orc:2)
  An ogre mage (D:15)
  Urug (Lair:4)
  A deep elf knight (D:15)
  4 naga sharpshooters
  A shock serpent (Snake:2)
  An unseen horror (shapeshifter) (D:15)
  4 skeletal warriors (D:15)
  A salamander mystic (Snake:2)
  A deep troll (D:15)
  2 unseen horrors
  6 sea snakes
  2 deep elf magi
  Pikel (D:4)
  5 naga ritualists
  2 lindwurms (Lair:6)
  9 mana vipers
  9 ugly things
  5 orc sorcerers
  5 cyclopes
  27 black mambas
  4 salamanders (Snake:2)
  3 centaur zombies
  2 fauns
  4 elephants (Lair:3)
  A merfolk siren (Shoals:1)
  4 manticores
  9 naga magi
  3 water nymphs (Shoals:1)
  3 ice statues (IceCv)
  3 gargoyles
  8 cane toads
  A guardian serpent (Snake:1)
  7 torpor snails
  2 efreet (D:15)
  4 rime drakes
  Maggie (D:6)
  A hellwing (D:14)
  8 komodo dragons
  4 kobold demonologists
  A polar bear (Lair:6)
  A red devil (D:14)
  A tengu conjurer (D:15)
  A queen bee (Lair:1)
  2 demonic crawlers (D:14)
  12 merfolk
  9 hornets
  A wind drake (Shoals:1)
  7 trolls
  Grinder (D:6)
  13 hippogriffs
  3 tyrant leeches (Lair:6)
  Prince Ribbit (D:5)
  3 blink frogs (Lair:4)
  5 dream sheep (Lair:5)
  2 snapping turtles (Shoals:1)
  Sigmund (D:3)
  A meliai zombie (D:12)
  3 shadows
  A yak (shapeshifter) (D:15)
  8 water elementals
  4 wraiths
  7 wyverns
  A hog (shapeshifter) (D:15)
  Eustachio (D:4)
  53 yaks
  3 basilisks
  15 nagas
  11 water moccasins
  13 porcupines
  19 ice beasts
  25 orc warriors
  10 ogres
  3 phantoms
  2 black bears (D:8)
  3 sky beasts
  2 necrophages
  4 wolves
  15 centaurs
  2 lemures (D:4)
  16 crocodiles
  6 big kobolds
  18 bullfrogs
  A wyvern skeleton (D:13)
  A water moccasin zombie (D:8)
  3 scorpions
  25 killer bees (Lair:1)
  18 wights
  3 howler monkeys
  An electric eel (Lair:3)
  A bullfrog zombie (D:8)
  3 quasits
  4 crimson imps (D:14)
  3 lava snakes (Lair:5)
  4 hounds
  9 jellies
  24 orc priests
  3 bullfrog skeletons
  5 centaur skeletons
  22 orc wizards
  2 iron imps (D:14)
  Terence (D:2)
  Jessica (D:3)
  6 hell rats (Lair:6)
  9 iguanas
  8 worker ants
  2 hound skeletons
  2 worker ant zombies
  4 gnolls (D:8)
  10 adders
  3 river rats (D:14)
  5 shadow imps
  8 white imps
  6 ufetubi
  3 oozes
  An adder skeleton (D:5)
  5 worms
  2 dart slugs
  9 leopard geckos
  72 orcs
  A ball python (D:3)
  15 giant cockroaches
  5 goblins
  8 hobgoblins
  6 jackals
  24 kobolds
  6 quokkas
  5 bats
  9 frilled lizards
  A leopard gecko skeleton (D:8)
  A quokka zombie (D:6)
  13 rats
  3 plants
  3 tentacles (Shoals:1)
917 creatures vanquished.

Vanquished Creatures (collateral kills)
  A death yak (Lair:6)
  A water moccasin (Lair:6)
  5 centaurs (D:11)
7 creatures vanquished.

Vanquished Creatures (others)
  2 hydras
  2 dancing weapons (D:14)
  A black mamba (Snake:3)
  An eye of draining (D:15)
  2 orc priests
  An orc (Orc:1)
  9 fungi
  13 plants
  8 tentacles (Shoals:1)
39 creatures vanquished.

Grand Total: 963 creatures vanquished

Notes
Turn   | Place    | Note
-------+----------+-------------------------------------------
     0 | D:1      | Apogee the Troll Warper began the quest for the Orb.
     0 | D:1      | Reached XP level 1. HP: 19/19 MP: 1/1
   126 | D:1      | Reached XP level 2. HP: 28/28 MP: 2/2
   318 | D:1      | Reached skill level 3 in Unarmed Combat
   472 | D:1      | Reached XP level 3. HP: 35/35 MP: 3/3
   680 | D:1      | Learned a level 2 spell: Blink
   754 | D:2      | Noticed Terence
   781 | D:2      | Killed Terence
   880 | D:2      | Reached XP level 4. HP: 42/44 MP: 4/4
  1324 | D:3      | Reached skill level 4 in Unarmed Combat
  1420 | D:3      | Noticed Sigmund
  1444 | D:3      | Killed Sigmund
  1444 | D:3      | Reached skill level 5 in Unarmed Combat
  1444 | D:3      | Reached XP level 5. HP: 50/53 MP: 5/5
  1444 | D:3      | Reached XP level 6. HP: 57/61 MP: 6/6
  1617 | D:3      | Noticed Jessica
  1631 | D:3      | Killed Jessica
  1866 | D:4      | Found a burning altar of Makhleb.
  1867 | D:4      | Found an ornate altar of the Wu Jian Council.
  2045 | D:4      | Reached skill level 6 in Unarmed Combat
  2057 | D:4      | Reached XP level 7. HP: 55/68 MP: 7/7
  2200 | D:4      | Found a runed translucent door.
  2201 | D:4      | Noticed Crazy Yiuf
  2266 | D:4      | Found a staircase to the Ecumenical Temple.
  2267 | D:4      | Noticed Pikel
  2325 | D:4      | Killed Pikel
  2325 | D:4      | Reached skill level 8 in Unarmed Combat
  2325 | D:4      | Reached XP level 8. HP: 59/79 MP: 8/8
  2381 | D:4      | Noticed Eustachio
  2391 | Temple   | Entered the Ecumenical Temple
  2595 | Temple   | Became a worshipper of Gozag Ym Sagoz the Greedy
  2615 | D:4      | Killed Eustachio
  2615 | D:4      | Reached skill level 5 in Fighting
  2986 | D:4      | Found a snail-covered altar of Cheibriados.
  3117 | D:5      | Entered Level 5 of the Dungeon
  3159 | D:5      | Noticed Prince Ribbit
  3181 | D:5      | Reached skill level 9 in Unarmed Combat
  3181 | D:5      | HP: 1/81 [shadow imp/nerve-wracking pain (11)]
  3191 | D:5      | HP: 4/81 [Prince Ribbit (13)]
  3580 | D:5      | Killed Prince Ribbit
  3580 | D:5      | Reached XP level 9. HP: 52/89 MP: 9/9
  3624 | D:5      | Reached skill level 10 in Unarmed Combat
  3867 | D:5      | Found a runed translucent door.
  3956 | D:5      | Noticed feelmyfire's ghost (novice DgTm)
  4120 | D:6      | Noticed Maggie
  4136 | D:6      | Killed Maggie
  4496 | D:6      | Found Diciomn's Gadget Emporium.
  4514 | D:6      | Noticed Grinder
  4526 | D:6      | Killed Grinder
  4526 | D:6      | Reached skill level 11 in Unarmed Combat
  4749 | D:7      | Found Curch's Distillery.
  5060 | D:7      | Found a stormy altar of Qazlal.
  5414 | D:8      | Reached XP level 10. HP: 91/102 MP: 10/10
  5593 | D:8      | Noticed Gastronok
  5607 | D:8      | Killed Gastronok
  5607 | D:8      | Reached skill level 12 in Unarmed Combat
  6166 | D:8      | Found a glowing silver altar of Zin.
  6178 | D:8      | Found a sparkling altar of Nemelex Xobeh.
  6423 | D:9      | Noticed a two-headed ogre
  6505 | D:9      | Found a staircase to the Orcish Mines.
  6588 | D:9      | Paralysed by a hornet for 3 turns
  6937 | D:9      | Reached XP level 11. HP: 110/111 MP: 11/11
  7004 | D:10     | Entered Level 10 of the Dungeon
  7011 | D:10     | Reached skill level 5 in Dodging
  7122 | D:10     | Reached skill level 5 in Shields
  7813 | D:10     | Got a scorched glass ring
  7879 | D:10     | Found a staircase to the Lair.
  8029 | Lair:1   | Entered Level 1 of the Lair of Beasts
  8417 | Lair:1   | Identified the ring of Fugrishru {rPois rC- Str+9 Dex-3
                  | Stlth-} (You found it on level 10 of the Dungeon)
  8539 | Lair:1   | Found a frozen archway.
  8577 | IceCv    | Entered an ice cave
  8625 | IceCv    | Noticed a white ugly thing
  8636 | IceCv    | Killed a white ugly thing
  8636 | IceCv    | Reached XP level 12. HP: 104/119 MP: 12/12
  9076 | IceCv    | Identified the Tome of Stones
  9083 | IceCv    | Got jewelled ice dragon scales
  9101 | IceCv    | Identified the +7 ice dragon scales "Xoudghab" {+Inv rF-
                  | rC++ Int+7} (You found it in an ice cave)
  9940 | Lair:2   | Found a staircase to the Snake Pit.
  9979 | Lair:2   | Found a staircase to the Shoals.
  9981 | Lair:2   | Noticed a death yak
  9990 | Lair:2   | Killed a death yak
 10843 | Lair:3   | Noticed an eight-headed hydra
 11356 | Lair:3   | Reached skill level 10 in Dodging
 11363 | Lair:3   | Reached skill level 1 in Throwing
 11408 | Lair:3   | Reached skill level 1 in Armour
 11689 | Lair:3   | Noticed a death yak
 11690 | Lair:3   | Noticed a death yak
 11691 | Lair:3   | Noticed a death yak
 11694 | Lair:3   | Noticed a death yak
 11704 | Lair:3   | Killed a death yak
 11717 | Lair:3   | Killed a death yak
 11727 | Lair:3   | Killed a death yak
 11727 | Lair:3   | Reached XP level 13. HP: 104/127 MP: 13/13
 12641 | Lair:4   | Noticed Rupert
 12641 | Lair:4   | Paralysed by Rupert for 6 turns
 12711 | Lair:4   | Noticed Urug
 12877 | Lair:4   | Killed Urug
 12944 | Lair:4   | Reached skill level 5 in Throwing
 13010 | Lair:4   | Paralysed by Rupert for 7 turns
 13041 | Lair:4   | Killed Rupert
 13041 | Lair:4   | Reached skill level 5 in Armour
 13820 | D:11     | You fall into a shaft and drop 2 floors!
 14163 | D:12     | Found Kaeto's General Store.
 15127 | Orc:1    | Entered Level 1 of the Orcish Mines
 15225 | Orc:1    | Found Ubris's Gadget Emporium.
 15374 | Orc:2    | Entered Level 2 of the Orcish Mines
 15548 | Lair:5   | Reached XP level 14. HP: 109/136 MP: 14/14
 15887 | Lair:5   | Found a runed translucent door.
 15887 | Lair:5   | Found a viscous altar of Jiyva.
 15887 | Lair:5   | Found a staircase to the Slime Pits.
 16200 | Lair:6   | Entered Level 6 of the Lair of Beasts
 17555 | Lair:6   | Found a runed translucent door.
 18436 | D:13     | Reached skill level 10 in Throwing
 19161 | D:14     | Reached skill level 10 in Armour
 19726 | D:14     | Noticed Snorg
 19736 | D:14     | Killed Snorg
 19833 | D:14     | Found a gate to the Vaults.
 19915 | D:14     | Reached XP level 15. HP: 118/143 MP: 15/15
 20044 | D:14     | Found a burning altar of Makhleb.
 20125 | D:14     | Found a sacrificial altar of Ru.
 20203 | D:15     | Entered Level 15 of the Dungeon
 20238 | D:15     | Reached skill level 13 in Unarmed Combat
 20539 | D:15     | Identified the +2 scale mail of Ityigh {*Contam rC+ rN+
                  | MR+}
 20665 | D:15     | Reached skill level 14 in Unarmed Combat
 20803 | D:15     | Found a staircase to the Depths.
 20990 | D:15     | Found Foap's Jewellery Emporium.
 21462 | D:15     | Reached skill level 15 in Unarmed Combat
 22055 | Shoals:1 | Entered Level 1 of the Shoals
 22667 | Shoals:1 | Noticed a kraken
 22886 | Shoals:1 | Killed a kraken
 23528 | Shoals:2 | Found a transporter.
 23536 | Shoals:2 | Noticed Muilum's ghost (adept VSBe)
 23921 | Shoals:2 | Reached XP level 16. HP: 127/152 MP: 16/16
 24204 | Shoals:2 | Noticed Nikola
 24548 | Orc:2    | Paralysed by an orc sorcerer for 5 turns
 25076 | Orc:2    | Found a staircase to the Elven Halls.
 25378 | Orc:2    | Found Ysagug's Weapon Boutique.
 25379 | Orc:2    | Found Disoelidd's Antique Weapon Boutique.
 25380 | Orc:2    | Found Motof's Distillery.
 25383 | Orc:2    | Found Cueblos's Distillery.
 25561 | Orc:1    | Noticed Fannar
 25593 | Orc:1    | Killed Fannar
 26061 | Snake:1  | Entered Level 1 of the Snake Pit
 26489 | Snake:1  | Found Miefonam's Assorted Antiques.
 26491 | Snake:1  | Noticed Aizul
 26537 | Snake:1  | Killed Aizul
 26556 | Snake:1  | HP: 7/152 [poisoned by Aizul (bolt of poison)]
 26795 | Snake:1  | You fall into a shaft and drop 1 floor!
 29459 | Snake:2  | HP: 10/228 [shock serpent/bolt of electricity (24)]
 29460 | Snake:2  | HP: 1/228 [shock serpent (12)]
 29461 | Snake:2  | Killed from afar by a shock serpent

Illustrated notes

Levels and vault maps discovered:
D:1:      tarquinn_simple_flora_water_b, layout_loops_ring, hex_large
D:2:      minmay_alternating_diamond, layout_rooms, grunt_ministairs_1,
          uniq_terence
D:3:      layout_rooms, dk_noncrumbling_2, uniq_jessica, uniq_sigmund
D:4:      layout_loops_ring, cheibriados_altar_1,
          gammafunk_temple_overflow_statue, minmay_temple_entry_tees,
          minmay_misc_feat_plants, minmay_vboxes, uniq_eustachio,
          uniq_crazy_yiuf_cottage, uniq_pikel
D:5:      layout_rooms, ebering_ghost_sewer_d, uniq_prince_ribbit1
D:6:      layout_rooms, serial_shops, kennysheep_little_box, uniq_maggie,
          uniq_grinder
D:7:      layout_basic, lemuel_doored_altar, serial_shops, shop
D:8:      minmay_clustersquares, layout_rooms, amethyst_overflow_temple_binary,
          serial_co_window_serial, co_window_corner_a, co_window_corner_a,
          co_window_paths_a, co_window_of_opportunity_a, co_window_corner_a,
          co_window_of_opportunity_a, co_window_paths_a,
          co_window_of_opportunity_b, co_window_corner_b,
          co_window_unsneaky_path_e, co_window_of_opportunity_c,
          co_window_2corner, glass_columns_c, glass_columns_a, glass_columns_a,
          glass_columns_b, glass_columns_c, uniq_gastronok
D:9:      layout_rooms, orc_0_dummy
D:10:     layout_stronghold, grunt_lair_entry_orc_guard_hut
D:11:     kennysheep_big_flooded_room, layout_cave_pools,
          chequers_serial_rivers_micro_e
D:12:     layout_big_octagon, serial_shops, nicolae_shop_trees
D:13:     layout_cave_pools, hangedman_decor_peaks_small
D:14:     kennysheep_tiny_hell, layout_irregular_city, erik_vaults_1,
          nicolae_ru_the_path_less_chosen, makhleb_altar_promises_db, uniq_snorg
D:15:     hangedman_depths_entry_civil_slaughter, layout_loops_corners,
          abandoned_shop, serial_shops, shop_statue, minmay_alternating_orb
Temple:   eino_temple_scatter_basement
Lair:1:   beast_lair_carwin_large_3, layout_loops_ring,
          portal_ice_cave_entry_ice_beasts, special_room [special_room_bee]
Lair:2:   layout_cave_pods, minmay_shoals_entry_centaurs,
          guppyfry_snake_entry_island
Lair:3:   layout_chaotic_city, gauntlet_entry_generic, serial_bayou_shore_a
Lair:4:   layout_cave_pods, uniq_rupert, uniq_urug
Lair:5:   layout_cellular_growth, slime_altar_2, disabler_island
Lair:6:   wormcave, layout_loops_ring, chequers_serial_rivers_small_3,
          infiniplex_staircase_pool_2
Shoals:1: layout_shoals
Shoals:2: layout_shoals, gammafunk_ghost_berserking_beasts, uniq_nikola
Snake:1:  layout_gridlike, serial_shops, nicolae_shop_overgrown_old_shop,
          uniq_aizul
Snake:2:  layout_grid_shapes, grunt_ministairs_1, drop_trap, grunt_megastairs_2
Snake:3:  layout_rooms, grunt_ministairs_2, lemuel_fruit_tree, uniq_vashnia
Orc:1:    layout_caves, serial_shops, shop, uniq_fannar
Orc:2:    st_orc_mages, layout_caves

Skill      XL: |  1  2  3  4  5  6  7  8  9 10 11 12 13 14 15 16 |
---------------+-------------------------------------------------+-----
Fighting       | 2 3 4 5 7 8 |  8.0
Unarmed Combat | 3 5 6 8 9 11 12 15 | 15.0
Dodging        | 4 7 10 | 10.0
Shields        | 4 7 9 |  9.4
Throwing       | 3 7 10 11 12 | 12.7
Armour         | 2 7 10 12 | 12.6
Spellcasting   | |  1.2
Translocations | |  2.1

Action                   |  1- 3 |  4- 6 |  7- 9 | 10-12 | 13-15 | 16-18 || total
-------------------------+-------+-------+-------+-------+-------+-------++-------
Melee: Unarmed           |    90 |   145 |   261 |   780 |  1595 |   770 ||  3641
       Punch             |     1 |     3 |     7 |    14 |       |       ||    25
Throw: Dart              |       |       |       |       |    21 |       ||    21
       Boomerang         |       |       |       |       |     5 |       ||     5
       Throwing net      |       |       |       |       |     1 |       ||     1
       Stone             |       |       |       |       |     9 |       ||     9
 Cast: Blink             |     1 |       |     1 |     5 |    13 |       ||    20
Evoke: Wand              |       |       |     1 |     2 |    15 |     4 ||    22
  Use: Scroll            |       |     5 |     2 |    13 |    20 |     3 ||    43
       Potion            |       |       |     2 |     1 |     7 |     5 ||    15
 Stab: Sleeping          |     1 |       |       |       |       |       ||     1
       Distracted        |       |       |       |     3 |     5 |     2 ||    10
Armor: Robe              |    34 |    47 |    38 |       |       |       ||   119
       Swamp dragon scal |       |       |    42 |   103 |       |       ||   145
       Ice dragon scales |       |       |       |   102 |   578 |   304 ||   984
       Skin              |       |       |       |       |       |     1 ||     1
Dodge: Dodged            |    42 |    60 |   101 |   187 |   474 |   229 ||  1093
Block: Other             |     1 |    21 |    41 |    25 |       |       ||    88
       Reflection        |       |       |     4 |     6 |    77 |    48 ||   135
       Kite shield       |       |       |       |   393 |  1176 |   583 ||  2152

Table legend: (Time is in decaauts)
 A = Elapsed time spent in this place.
 B = Non-inter-level travel time spent in this place.
 C = Inter-level travel time spent in this place.
 D = Time resting spent in this place.
 E = Time spent auto-exploring this place.
 F = Levels seen in this place.
 G = Mean time per level.
                   A        B        C        D        E       F      G
               +--------+--------+--------+--------+--------+-----+--------+
         Total |  28929 |  26907 |   2022 |   3316 |  15862 |  30 |  964.3 |
       Dungeon |  12858 |  11903 |    955 |    435 |   7989 |  15 |  857.2 |
        Temple |    217 |    183 |     34 |      0 |    181 |   1 |  217.0 |
          Lair |   7878 |   7079 |    799 |    539 |   4604 |   6 | 1313.0 |
        Shoals |   2366 |   2311 |     55 |    688 |    954 |   2 | 1183.0 |
     Snake Pit |   3271 |   3198 |     73 |   1274 |   1107 |   3 | 1090.3 |
  Orcish Mines |   1794 |   1690 |    104 |    223 |    936 |   2 |  897.0 |
      Ice Cave |    542 |    542 |      0 |    156 |     91 |   1 |  542.0 |
               +--------+--------+--------+--------+--------+-----+--------+

Top non-repeatable levels by time:
 Snake:1: 1743 daAuts
    D:15: 1680 daAuts
  Lair:2: 1469 daAuts
  Lair:6: 1464 daAuts
 Snake:2: 1460 daAuts
  Lair:3: 1377 daAuts
Shoals:1: 1367 daAuts
     D:4: 1340 daAuts
    D:10: 1307 daAuts
  Lair:5: 1294 daAuts
  Lair:1: 1256 daAuts
    D:14: 1119 daAuts
     D:8: 1091 daAuts
  Lair:4: 1017 daAuts
   Orc:2: 999 daAuts
